cohdb
Replays
Latest Replays
All Replays
Popular Replays
Top Player Replays
Match Explorer
How It Works
Community
CoH3 Stats
Reddit
Sign in to upload your games and track your stats! →
Sign in with Steam
Match 41420592
Unlisted
Match 41420592
Overview
Messages
Build Orders
End
Construct Infanterie Kompanie
Grenadier Squad
MG 42 Machine Gun Team
Grenadier Squad
MG 42 Machine Gun Team
Construct Panzergrenadier Kompanie
Selects Mechanized Battlegroup
Selects Raid Package
Panzergrenadier Squad
Pak 40 Anti-tank Gun Team
Construct Panzer Kompanie
Selects StuG Assault Group
Stoßtruppen Squad
Panzer IV Medium Tank
Selects UNKNOWN (2160084)
Selects Mobile Repair Stations
Selects Stoßtruppen Assault Package
Stoßtruppen Squad
Panzer IV Medium Tank
Selects Zeroing Artillery Barrage
UH|XTC
iceman
Tengu
[TP] Astartes
[TP] Eko
[TP] bodja1996rr
0
0
Comments
sign in to comment!
No comments posted yet!